[ AOE2 MATCH · #505786210 ]
UnrankedMuisca vs Goths
Player's team · LOSS
Rival team · WIN
[ REPLAY ANALYSIS · EXTRACTED FROM THE RECORDED GAME ]
Feudal
—
Castle
—
Imperial
—
| APM avg | 122.0 |
| APM peak | 173 |
| eAPM avg | 70.4 |
| Villagers / military | 26 / 0 |
Focus
⚔️ 48.5% · 🌾 51.5%
Feudal
—
Castle
—
Imperial
—
| APM avg | 72.6 |
| APM peak | 102 |
| eAPM avg | 22.3 |
| Villagers / military | 18 / 5 |
Focus
⚔️ 50.8% · 🌾 49.2%
Militia ×5
Match map
Initial resources + every placement click. Lines = walls · curves = elevation contours. ◆ gold · ⬟ stone · ● berries · ✦ relic · ◌ wall gap
Your base
Dr. Wiley!!!'s base
Smoothed initial terrain · ◌ = detected wall gap · hover for details
Inputs per minute
— OS+ | FaNaTiick - - Dr. Wiley!!!
Build order — OS+ | FaNaTiick
32 actions detected in the replay
| 0:01 | Queue | Villager (Male) |
| 0:01 | Queue | Villager (Male) |
| 0:03 | Build | House |
| 0:04 | Build | House |
| 0:07 | Queue | Villager (Male) |
| 0:09 | Queue | Villager (Male) |
| 0:09 | Queue | Villager (Male) |
| 1:29 | Queue | Villager (Male) |
| 1:29 | Queue | Villager (Male) |
| 1:51 | Queue | Villager (Male) |
| 2:10 | Build | Settlement |
| 2:25 | Queue | Villager (Male) |
| 2:38 | Queue | Villager (Male) |
| 2:38 | Queue | Villager (Male) |
| 2:54 | Queue | Villager (Male) |
| 2:54 | Queue | Villager (Male) |
| 3:12 | Queue | Villager (Male) |
| 3:12 | Queue | Villager (Male) |
| 3:30 | Queue | Villager (Male) |
| 3:47 | Queue | Villager (Male) |
| 4:25 | Queue | Villager (Male) |
| 4:26 | Queue | Villager (Male) |
| 4:51 | Build | Barracks |
| 5:11 | Queue | Villager (Male) |
| 5:11 | Queue | Villager (Male) |
| 5:12 | Research | Loom |
| 5:16 | Queue | Villager (Male) |
| 5:19 | Queue | Villager (Male) |
| 5:19 | Research | Loom |
| 5:58 | Queue | Villager (Male) |
| 5:58 | Queue | Villager (Male) |
| 6:25 | Queue | Villager (Male) |
Build order — Dr. Wiley!!!
31 actions detected in the replay
| 0:00 | Queue | Villager (Male) |
| 0:01 | Queue | Villager (Male) |
| 0:02 | Build | House |
| 0:03 | Build | House |
| 0:08 | Queue | Villager (Male) |
| 0:10 | Queue | Villager (Male) |
| 1:11 | Queue | Villager (Male) |
| 1:51 | Queue | Villager (Male) |
| 2:22 | Queue | Villager (Male) |
| 2:48 | Queue | Villager (Male) |
| 3:03 | Queue | Villager (Male) |
| 3:12 | Build | Barracks |
| 3:18 | Build | House |
| 3:20 | Queue | Villager (Male) |
| 3:23 | Build | Palisade Wall |
| 3:24 | Build | Palisade Wall |
| 3:25 | Build | Palisade Wall |
| 3:48 | Queue | Villager (Male) |
| 4:16 | Queue | Militia ×2 |
| 4:26 | Queue | Villager (Male) |
| 4:32 | Build | House |
| 4:47 | Queue | Villager (Male) |
| 5:01 | Queue | Militia ×2 |
| 5:06 | Build | House |
| 5:19 | Queue | Villager (Male) |
| 5:36 | Queue | Militia |
| 5:49 | Queue | Villager (Male) |
| 6:13 | Build | House |
| 6:19 | Queue | Villager (Male) |
| 6:30 | Queue | Villager (Male) |
| 6:38 | Queue | Villager (Male) |
Match timeline
| 3:12 | Dr. Wiley!!! · first_building Barracks |
| 3:23 | Dr. Wiley!!! · wall_segment Palisade Wall x1 |
| 3:24 | Dr. Wiley!!! · wall_segment Palisade Wall x1 |
| 3:25 | Dr. Wiley!!! · wall_segment Palisade Wall x1 |
| 4:51 | OS+ | FaNaTiick · first_building Barracks |
| 6:43 | OS+ | FaNaTiick · resign |
[ AI ANALYSIS · 1 CREDIT ]
What really happened in this match?
Wolo.gg analyzes every decision: build order, eco, micro, common mistakes by bracket. Personalized analysis on WhatsApp or Discord in 30 seconds.
Civ guide
Muisca
Perfil
Jugador #21271598